AoeStats
← DrStylus27

Arena

506031563Analyzed
2v2 RM · 21d ago on Sep 12, 2026· 47m 56s· 4 players
Game mode
Random Map
Map size
Medium (4 player)
Population
200
Speed
Normal
Resources
Standard
Victory
Conquest
Starting age
Dark Age
Ending age
Imperial Age
RankedLock teamsTeams togetherTeam positionsShared explorationLock speedFull tech treeHidden civsTurbo modeCheats
Victory
Defeat
🇺🇸 Spanish · United States
1394
+10
🇬🇧 Gurjaras · United Kingdom
1064
+22
🇲🇽 Malay · Mexico
1235
-16
🇲🇽 Italians · Mexico
1234
-16
Gladiator
11:06 Feudal Age
14:50 Castle Age
12:44 Double-Bit Axe
13:08 Horse Collar
16:01 Bow Saw
28:25 Wheelbarrow
29:08 Heavy Plow
36:24 Imperial Age
34:30 Bloodlines
34:20 Husbandry
34:27 Scale Barding Armor
34:33 Forging
37:18 Chain Barding Armor
37:34 Iron Casting
38:11 Chemistry
38:55 Plate Barding Armor
37:41 Cavalier
38:45 Gold Mining
40:41 Blast Furnace
39:10 Paladin
41:34 Hand Cart
42:27 Light Cavalry
45:07 Hussar
45:48 Scale Mail Armor
45:40 Fletching
45:50 Padded Archer Armor
46:12 Ballistics
47:29 Bodkin Arrow
DrStylus27
11:12 Feudal Age
15:45 Castle Age
15:09 Horse Collar
15:47 Double-Bit Axe
16:08 Loom
16:54 Bow Saw
26:17 Heavy Plow
37:06 Imperial Age
38:27 Imperial Age
38:47 Fletching
38:57 Padded Archer Armor
41:58 Elite Elephant Archer
42:37 Bodkin Arrow
42:57 Leather Archer Armor
46:02 Elite Skirmisher
UserIDAlreadyInUse
10:45 Feudal Age
14:49 Castle Age
12:54 Double-Bit Axe
20:48 Imperial Age
18:46 Scale Mail Armor
19:44 Squires
19:30 Arson
28:15 Chemistry
31:00 Chain Mail Armor
32:50 Padded Archer Armor
43:49 Gold Mining
44:15 Thumb Ring
44:05 Fletching
46:18 Ballistics
47:23 Bodkin Arrow
47:44 Leather Archer Armor
Ryun Sakashita
0:49 Loom
11:15 Feudal Age
16:24 Castle Age
15:03 Double-Bit Axe
18:51 Horse Collar
24:11 Forging
27:24 Squires
27:09 Arson
32:53 Iron Casting
40:19 Imperial Age
38:40 Gold Mining
43:37 Pikeman
Connection lost

Rejoining the realm…

Still unreachable

The connection could not be restored.

Session expired

The server has moved on; the page needs a fresh start.